 Dungeon Crawl Stone Soup version 0.23-a0-703-gdf2d5e0 (console) character file.

513 Duffy the Conjurer (level 7, 45/48 HPs)
             Began as a Demonspawn Fire Elementalist on Jan 13, 2019.
             Was a Follower of Sif Muna.
             Quit the game on level 4 of the Dungeon.
             The game lasted 00:06:00 (4966 turns).

Duffy the Conjurer (Demonspawn Fire Elementalist)   Turns: 4966, Time: 00:06:01

Health: 45/48      AC:  3    Str:  8    XL:     7   Next: 0%
Magic:  9/13       EV: 12    Int: 24    God:    Sif Muna [*.....]
Gold:   177        SH:  0    Dex: 13    Spells: 6/14 levels left

rFire    . . .     SeeInvis .   h - +3 whip
rCold    + . .     Gourm    .   (no shield)
rNeg     . . .     Faith    .   a - +0 robe
rPois    .         Spirit   .   (no helmet)
rElec    .         Reflect  .   (no cloak)
rCorr    .         Harm     .   (no gloves)
MR       .....                  r - +0 pair of boots
Stlth    ++++......             (no amulet)
HPRegen  0.16/turn              n - ring of protection from cold
MPRegen  0.13/turn              y - +5 ring of intelligence

@: divine energy
A: nightstalker 2, spiny 1
a: Stop Divine Energy, Renounce Religion


You were on level 4 of the Dungeon.
You worshipped Sif Muna.
Sif Muna was aware of your devotion.
You were not hungry.

You visited 1 branch of the dungeon, and saw 4 of its levels.

You collected 177 gold pieces.

Inventory:

Hand Weapons
 h - a +3 whip (weapon)
 p - a +1 mace of protection
 q - a +3 short sword
Armour
 a - a +0 robe (worn)
 r - a +0 pair of boots (worn)
Jewellery
 n - a ring of protection from cold (left hand)
 y - a +5 ring of intelligence (right hand)
Scrolls
 b - 4 scrolls of remove curse {unknown}
 f - 2 scrolls of teleportation {unknown}
 g - 2 scrolls of enchant armour
 k - a scroll of immolation {unknown}
 l - 2 scrolls of amnesia
 m - a scroll of enchant weapon {unknown}
 o - 2 scrolls of fog
 t - a scroll of fear {unknown}
 w - a scroll of blinking {unknown}
Potions
 d - a potion of resistance {unknown}
 e - a potion of degeneration {unknown}
 i - a potion of lignification {unknown}
 j - a potion of mutation {unknown}
 u - a potion of ambrosia {unknown}
 v - a potion of heal wounds
 x - 2 potions of brilliance
 z - a potion of invisibility
Comestibles
 c - 8 rations
 s - 2 chunks of flesh


   Skills:
 + Level 1.3 Fighting
 - Level 1.7 Dodging
 - Level 1.7 Stealth
 + Level 4.1 Spellcasting
 - Level 4.5 Conjurations
 - Level 4.3 Fire Magic


You had 6 spell levels left.
You knew the following spells:

 Your Spells              Type           Power        Failure   Level  Hunger
h - Flame Tongue          Conj/Fire      ####.        1%          1    None
j - Sticky Flame          Conj/Fire      ####....     16%         4    ####...
l - Conjure Flame         Conj/Fire      ####....     4%          3    ##.....

Your spell library contained the following spells:

 Spells                   Type           Power        Failure   Level  Hunger
 Throw Flame              Conj/Fire      ####..       2%          2    #......
 Inner Flame              Hex/Fire       ###.....     12%         3    ##.....
 Fireball                 Conj/Fire      ####......   41%         5    ######.


Dungeon Overview and Level Annotations

Branches:
Dungeon (4/15)
 Temple: D:4-7

Altars:
Fedhas
Gozag
Makhleb
Sif Muna
Vehumet

Annotations:
D:2 Sigmund
D:3 exclusions: hobgoblin and orc, Ijyb


Innate Abilities, Weirdness & Mutations

You are significantly more attuned to the shadows.
You are partially covered in sharp spines.


Message History

Confirm with . or Enter, or press ? or * to list all spells.
Aiming: Flame Tongue (safe; 1% risk of failure)
Press: ? - help, Shift-Dir - straight line, f/p - hound
Aim: a hound (moderately wounded)
The flame tongue hits the hound.
The hound is severely wounded.
The hound misses you. The hound bites you.
You closely miss the hound.
The hound is severely wounded.
The hound misses you.
You hit the hound.
The hound is almost dead.
The hound misses you. The hound bites you.
You hit the hound.
You kill the hound!
Sif Muna accepts your kill.
You have reached level 7!
Your demonic ancestry asserts itself...
Sharp spines emerge from parts of your body.
Are you sure you want to abandon this character and quit the game? (Confirm with "yes".)

##.#.# ##%##...###..#
##..s.# #.# ##..#..##
#.h.### #%# #.#.##
##.#..# #.# #.#.#
......# #.# #...###
......%#####.######....^
.......##.......##..###.
......##..(....##.## #.
....%@.........##.# ##
.....##.....>..##.#
..... ##.......##.#
..... #.......##.#####
..... #.......##.#....
##### #.......#..#..(.
#.....## ###...#. #...#.


There were no monsters in sight!

Vanquished Creatures
  Menkaure (D:4)
  A scorpion (D:4)
  A hound (D:4)
  An orc priest (D:3)
  A centaur skeleton (D:4)
  2 orc wizards
  Jessica (D:2)
  An iguana (D:4)
  Natasha (D:4)
  2 adders (D:3)
  An ooze (D:3)
  4 worms
  3 dart slugs
  2 leopard geckos (D:2)
  10 orcs
  5 giant cockroaches
  8 goblins
  5 hobgoblins
  9 jackals
  A quokka (D:2)
  6 ball pythons
  6 bats
  6 frilled lizards (D:1)
  5 kobolds
  2 rats
85 creatures vanquished.

Notes
Turn   | Place    | Note
-------+----------+-------------------------------------------
     0 | D:1      | Duffy the Demonspawn Fire Elementalist began the quest for
                  | the Orb.
     0 | D:1      | Reached XP level 1. HP: 13/13 MP: 3/3
   462 | D:1      | Gained mutation: You are slightly more attuned to the
                  | shadows. [demonic ancestry]
   462 | D:1      | Reached XP level 2. HP: 18/19 MP: 3/5
  1318 | D:1      | Reached XP level 3. HP: 21/24 MP: 6/6
  1323 | D:1      | Learned a level 3 spell: Conjure Flame
  1715 | D:2      | Noticed Sigmund
  2037 | D:2      | Found a burning altar of Makhleb.
  2367 | D:2      | Noticed Jessica
  2382 | D:2      | Killed Jessica
  2382 | D:2      | Reached XP level 4. HP: 30/30 MP: 5/7
  2457 | D:2      | Found a deep blue altar of Sif Muna.
  2463 | D:2      | Learned a level 4 spell: Sticky Flame
  2468 | D:2      | Became a worshipper of Sif Muna the Loreminder
  3050 | D:3      | Reached XP level 5. HP: 35/35 MP: 1/9
  3140 | D:3      | Found a radiant altar of Vehumet.
  3181 | D:3      | Found a blossoming altar of Fedhas.
  3640 | D:3      | Found an opulent altar of Gozag.
  4244 | D:3      | Noticed Ijyb
  4314 | D:4      | Noticed Menkaure
  4321 | D:4      | Killed Menkaure
  4321 | D:4      | Gained mutation: You are significantly more attuned to the
                  | shadows. [demonic ancestry]
  4321 | D:4      | Reached XP level 6. HP: 23/41 MP: 5/11
  4505 | D:4      | Noticed Natasha
  4509 | D:4      | Killed Natasha
  4825 | D:4      | Reached * piety under Sif Muna
  4898 | D:4      | Reached skill level 1 in Fighting
  4965 | D:4      | Gained mutation: You are partially covered in sharp spines.
                  | [demonic ancestry]
  4965 | D:4      | Reached XP level 7. HP: 45/48 MP: 9/13
  4966 | D:4      | Quit the game

Vault maps used:
D:1:      dpeg_arrival_concentric_ovals, minivault_25,
          chequers_serial_rivers_micro_d
D:2:      nicolae_overflow_crystal_walls, led_sif_pool, uniq_jessica,
          uniq_sigmund
D:3:      old_standard_altar, overflow_temple_1_default,
          grunt_gozag_breadcrumbs, uniq_ijyb
D:4:      first_ration, minmay_distorted, uniq_menkaure, uniq_grinder,
          uniq_natasha

Skill      XL: |  1  2  3  4  5  6 |
---------------+-------------------+-----
Conjurations   | 2 3 4 |  4.5
Fire Magic     | 3 4 |  4.3
Spellcasting   | 3 4 |  4.1
Fighting       | 1 |  1.3
Dodging        | |  1.7
Stealth        | |  1.7

Action                   |  1- 3 |  4- 6 |  7- 9 || total
-------------------------+-------+-------+-------++-------
Melee: Unarmed           |     4 |       |       ||     4
       Whip              |    49 |    33 |       ||    82
 Cast: Flame Tongue      |    53 |    90 |       ||   143
       Conjure Flame     |       |     2 |       ||     2
       Sticky Flame      |       |     1 |       ||     1
Invok: Divine Energy     |       |     2 |       ||     2
       Stop Divine Energ |       |     1 |       ||     1
  Use: Scroll            |       |     6 |       ||     6
 Stab: Sleeping          |     4 |     1 |       ||     5
       Distracted        |       |     1 |       ||     1
  Eat: Chunk             |     5 |     9 |       ||    14
Armor: Robe              |    13 |    13 |       ||    26
Dodge: Dodged            |    59 |    47 |       ||   106

Table legend:
 A = Non-vault XP
 B = Vault XP
 C = Vault XP percentage of total XP
 D = Non-vault monster count
 E = Vault monster count
 F = Vault count percentage of total count
                 A         B        C        D         E       F
            +---------+---------+-------+---------+---------+-------
      Total |     489 |     244 |  33.3 |      82 |       3 |   3.5
            +---------+---------+-------+---------+---------+-------
        D:1 |      44 |       0 |   0.0 |      26 |       0 |   0.0
        D:2 |      78 |      37 |  32.2 |      18 |       1 |   5.3
        D:3 |     167 |       0 |   0.0 |      28 |       0 |   0.0
        D:4 |     200 |     207 |  50.9 |      10 |       2 |  16.7
            +---------+---------+-------+---------+---------+-------
